 Dungeon Crawl Stone Soup version 0.27-a0-869-g165b36e3f0 (webtiles) character file.

Game seed: 7252517897391292836

116 jestyr24 the Covered (level 4, -2/41 HPs)
             Began as a Minotaur Fighter on Apr 2, 2021.
             Was a Believer of Jiyva.
             Slain by Duvessa
             ... wielding a +0 short sword
              (4 damage)
             ... on level 4 of the Dungeon.
             The game lasted 00:07:25 (3466 turns).

jestyr24 the Covered (Minotaur Fighter)             Turns: 3466, Time: 00:07:27

Health: -2/41      AC:  7    Str: 18    XL:     4   Next: 70%
Magic:  3/3        EV:  7    Int:  8    God:    Jiyva [**....]
Gold:   126        SH: 10    Dex: 10    Spells: 3/3 levels left

rFire    . . .     SeeInvis .   n - +4 mace (vorpal)
rCold    . . .     Faith    .   c - +1 kite shield
rNeg     . . .     Spirit   .   b - +0 scale mail
rPois    .         Reflect  .   (helmet restricted)
rElec    .         Harm     .   (no cloak)
rCorr    .         Rampage  .   (no gloves)
Will     .....                  (no boots)
Stlth    ..........             (no amulet)
HPRegen  0.13/turn              (no ring)
MPRegen  0.08/turn              (no ring)

@: no status effects
A: horns 2, retaliatory headbutt
a: Renounce Religion, Request Jelly


You were on level 4 of the Dungeon.
You worshipped Jiyva.
Jiyva was pleased with you.
You visited 1 branch of the dungeon, and saw 4 of its levels.

You collected 126 gold pieces.

Inventory:

Hand Weapons
 a - a +0 long sword
 j - a +0 falchion
 k - a +2 vampiric dagger
 n - a +4 vorpal mace (weapon)
Armour
 b - a +0 scale mail (worn)
 c - a +1 kite shield (worn)
Jewellery
 l - an amulet of magic regeneration
Scrolls
 e - a scroll of enchant armour
 f - a scroll of fear {unknown}
 g - a scroll of torment {unknown}
 h - a scroll of fog {unknown}
 i - a scroll of identify
Potions
 d - a potion of might
 m - a potion of cancellation
 o - a potion of curing


   Skills:
 + Level 4.4 Fighting
 - Level 3.7 Long Blades
 + Level 4.7 Armour
 + Level 0.7 Dodging
 + Level 4.2 Shields


You had 3 spell levels left.
You didn't know any spells.
Your spell library contained the following spells:

 Spells                   Type           Power      Damage    Failure   Level
 Magic Dart               Conj           0%         1d3       99%         1
 Blink                    Tloc           N/A        N/A       100%        2
 Call Imp                 Summ           0%         N/A       100%        2
 Slow                     Hex            0%         N/A       100%        2
 Conjure Flame            Conj/Fire      0%         6-21      100%        3
 Mephitic Cloud           Conj/Pois/Air  0%         N/A       100%        3


Dungeon Overview and Level Annotations

Branches:
Dungeon (4/15)
 Temple: D:4-7

Altars:
Jiyva

Shops:
D:1 *

Annotations:
D:4 Dowan, Duvessa


Innate Abilities, Weirdness & Mutations

You have a pair of horns on your head.
You reflexively headbutt those who attack you in melee.


Message History

Dowan is severely wounded.
You block Duvessa's attack. You block Dowan's attack.
Duvessa hits you but does no damage.
You hit Dowan.
Dowan is almost dead.
Dowan hits you with a +0 dagger. Duvessa barely misses you.
You block Dowan's attack.
You sock Duvessa!
Duvessa is heavily wounded.
Duvessa drinks a potion.
Duvessa is healed!
Dowan gestures wildly while chanting.
Dowan blinks!
Duvessa hits you with a +0 short sword.
You hit Duvessa but do no damage.
Duvessa is heavily wounded.
You block Duvessa's attack.
Dowan casts a spell.
Dowan blinks!
Duvessa hits you with a +0 short sword.
You closely miss Duvessa. You headbutt Duvessa!
Duvessa is severely wounded.
Duvessa barely misses you. You furiously retaliate!
You headbutt Duvessa, but do no damage. You closely miss Duvessa.
Duvessa is severely wounded.
You block Duvessa's attack. Duvessa hits you with a +0 short sword.
You hit Duvessa.
Duvessa is almost dead.
You block Duvessa's attack. You block Dowan's attack.
Duvessa hits you with a +0 short sword.
* * * LOW HITPOINT WARNING * * *
You closely miss Duvessa. You headbutt Duvessa.
Duvessa is almost dead.
Dowan hits you but does no damage. Duvessa hits you with a +0 short sword.
* * * LOW HITPOINT WARNING * * *
You closely miss Duvessa.
Duvessa is almost dead.
Dowan gestures at you while chanting. The puff of flame hits you.
* * * LOW HITPOINT WARNING * * *
Duvessa hits you with a +0 short sword.
You die...

# ##.......## #
#....<...##
##........##
#.........##
##.........##
#.......#..##
##......##..##
#....#e###..##
##...#@e###..##
##..#..# ##..##
####..## ##..##
##..# ##..#######
#..# ###........
#..####...#######
##..##...##
#..#..######
##......<...###


You could see Duvessa and Dowan.

Vanquished Creatures
  An orc wizard (D:4)
  3 adders
  An ufetubus (D:3)
  An adder skeleton (D:4)
  2 worms (D:2)
  2 dart slugs (D:1)
  3 orcs (D:4)
  6 ball pythons
  A giant cockroach (D:3)
  4 goblins
  5 hobgoblins
  4 jackals (D:3)
  4 kobolds
  A quokka (D:4)
  A bat (D:1)
  5 frilled lizards
  3 rats
47 creatures vanquished.

Vanquished Creatures (others)
  Sigmund (D:2)
  A jelly (D:4)
  Jessica (D:2)
  An orc (D:4)
  2 ball pythons
  A bat (D:2)
  A goblin (D:2)
  4 hobgoblins
  4 jackals (D:2)
  A quokka (D:1)
  2 frilled lizards
19 creatures vanquished.

Grand Total: 66 creatures vanquished

Notes
Turn   | Place    | Note
-------+----------+-------------------------------------------
     0 | D:1      | jestyr24 the Minotaur Fighter began the quest for the Orb.
     0 | D:1      | Reached XP level 1. HP: 19/19 MP: 0/0
   216 | D:1      | Found a faded altar of an unknown god.
   223 | D:1      | Became a worshipper of Jiyva Jurhusm the Shapeless
   223 | D:1      | Reached * piety under Jiyva
   482 | D:1      | Reached XP level 2. HP: 25/27 MP: 1/1
   598 | D:1      | Found Dooto's Assorted Antiques.
  1194 | D:2      | Killed Jessica
  1387 | D:2      | Killed Sigmund
  1555 | D:2      | Reached XP level 3. HP: 33/33 MP: 2/2
  2121 | D:3      | Reached XP level 4. HP: 41/41 MP: 3/3
  2826 | D:4      | Noticed Duvessa
  2834 | D:4      | Noticed Dowan
  3285 | D:1      | Reached ** piety under Jiyva
  3466 | D:4      | HP: 2/41 [Dowan/puff of flame (6)]
  3466 | D:4      | Slain by Duvessa

Illustrated notes

Levels and vault maps discovered:
D:1:      ncdulo_wetmaze, layout_loops_corners, serial_shops,
          nicolae_shop_waterfront, basic_ecumenical_altar, patterned_corridor
D:2:      layout_loops_ring, minmay_bisected, uniq_sigmund, uniq_jessica
D:3:      layout_loops_ring
D:4:      layout_cave_pods, grunt_temple_overflow_magic_moments,
          marbit_many_paths, serial_column_ruins, column_ruins_open_tiny,
          column_ruins_columns_corner, column_ruins_grid_1, column_ruins_grid_1,
          column_ruins_open_medium, minmay_crystal_room, uniq_duvessa

Skill      XL: |  1  2  3 |
---------------+----------+-----
Fighting       | 4 |  4.4
Armour         | 4 |  4.7
Long Blades    | 3 |  3.7
Shields        | 4 |  4.2
Dodging        | |  0.7

Action                   |  1- 3 |  4- 6 || total
-------------------------+-------+-------++-------
Melee: Long sword        |    57 |    36 ||    93
       Headbutt          |    12 |     7 ||    19
       Mace              |       |     9 ||     9
  Use: Scroll            |       |     2 ||     2
Armor: Scale mail        |    27 |    17 ||    44
Dodge: Dodged            |    29 |    16 ||    45
Block: Kite shield       |    29 |    21 ||    50
       Rpst.: Long sword |     8 |     3 ||    11

Table legend: (Time is in decaauts)
 A = Elapsed time spent in this place.
 B = Non-inter-level travel time spent in this place.
 C = Inter-level travel time spent in this place.
 D = Time resting spent in this place.
 E = Time spent auto-exploring this place.
 F = Levels seen in this place.
 G = Mean time per level.
                   A        B        C        D        E       F      G
               +--------+--------+--------+--------+--------+-----+--------+
         Total |   3523 |   3404 |    119 |    310 |   2555 |   4 |  880.8 |
       Dungeon |   3523 |   3404 |    119 |    310 |   2555 |   4 |  880.8 |
               +--------+--------+--------+--------+--------+-----+--------+

Top non-repeatable levels by time:
     D:1: 1163 daAuts
     D:3: 964 daAuts
     D:2: 757 daAuts
     D:4: 637 daAuts
